 Dungeon Crawl Stone Soup version 0.19-a0-1827-g174f941 (webtiles) character file.

358212 Charly the Executioner (level 23, -12/204 HPs)
             Began as a Formicid Fighter on Oct 7, 2016.
             Was an Elder of Uskayaw.
             Killed from afar by a shadow dragon (27 damage)
             ... with a bolt of negative energy
             ... on level 5 of the Depths.
             The game lasted 03:17:36 (33167 turns).

Charly the Executioner (Formicid Fighter)          Turns: 33167, Time: 03:17:37

Health: -12/204    AC: 29    Str: 30      XL:     23   Next: 41%
Magic:  34/34      EV: 20    Int:  9 (10) God:    Uskayaw [****..]
Gold:   1252       SH: 27    Dex: 19      Spells: 1 memorised, 20 levels left

rFire  + + .     SeeInvis +     a - +3 executioner's axe (venom)
rCold  . . .     Gourm    .     J - +4 fire dragon armour
rNeg   . . .     Faith    .     j - +1 large shield
rPois  .         Spirit   .     (helmet unavailable)
rElec  .         Dismiss  .     k - +1 cloak
rCorr  .         Reflect  +     s - +2 pair of gloves
MR     +++..     Harm     .     d - +0 pair of boots
Stlth  +.........               Q - amulet "Zuriphob" {Reflect MR+ SH+4}
                                b - +4 ring of protection
                                T - ring of Bouc {rC+ Str+6}

@: drained
A: permanent stasis, dig shafts and tunnels, four strong arms, antennae 3, thin
skeletal structure 1, deterioration 1, robust 1, screaming 1, strong 1
a: Dig, Shaft Self, Stomp, Line Pass, Renounce Religion
}: 2/15 runes: decaying, gossamer


You were on level 5 of the Depths.
You worshipped Uskayaw.
Uskayaw was pleased with you.
You were not hungry.

You visited 8 branches of the dungeon, and saw 42 of its levels.
You also visited: Ice Cave.

You collected 4036 gold pieces.
You spent 2784 gold pieces at shops.

Inventory:

Hand Weapons
 a - a +3 executioner's axe of venom (weapon)
Armour
 d - a +0 pair of boots (worn)
 j - a +1 large shield (worn)
 k - a +1 cloak (worn)
 s - a +2 pair of gloves (worn)
 J - a +4 fire dragon armour (worn)
Jewellery
 b - a +4 ring of protection (right hand)
 f - an uncursed ring of fire
 m - an uncursed ring of protection from magic
 p - an uncursed ring of poison resistance
 C - an uncursed ring of resist corrosion
 Q - the amulet "Zuriphob" (around neck) {Reflect MR+ SH+4}
   (You bought it in a shop on level 2 of the Orcish Mines)

   [amulet of reflection]

   It shields you and reflects attacks.
   It affects your resistance to hostile enchantments.
   It affects your SH (+4).
 R - an uncursed amulet of regeneration
 T - the ring of Bouc (left hand) {rC+ Str+6}
   (You bought it in a shop on level 2 of the Orcish Mines)

   [ring of protection from cold]

   It affects your strength (+6).
   It protects you from cold.
Wands
 g - a wand of disintegration (7/24)
 x - a wand of digging (9/24)
 y - a wand of disintegration (2/24)
 z - a wand of disintegration (19/24)
 B - a wand of heal wounds (5/9)
 E - a wand of disintegration (6/24)
 F - a wand of heal wounds (3/9)
Scrolls
 h - 9 scrolls of remove curse
 i - 8 scrolls of recharging
 l - 2 scrolls of fear
 q - 4 scrolls of identify
 u - a scroll of summoning
 v - 3 scrolls of immolation
 D - 3 scrolls of magic mapping
 I - a scroll of silence
 U - 4 scrolls of fog
Potions
 c - a potion of might
 e - 7 potions of cancellation
 o - 2 potions of heal wounds
 r - 12 potions of curing
 w - 5 potions of brilliance
 G - a potion of resistance
 H - 2 potions of agility
 M - 3 potions of flight
 P - 2 potions of cure mutation
 W - 6 potions of ambrosia
Books
 n - a book of Battle

   Spells                             Type                      Level
   a - Infusion                       Charms                       1
   b - Shroud of Golubria             Charms/Translocation         2
   c - Song of Slaying                Charms                       2
   d - Spectral Weapon                Hexes/Charms                 3
   e - Regeneration                   Charms/Necromancy            3
Miscellaneous
 K - 2 sacks of spiders
 O - 2 boxes of beasts
Comestibles
 t - 5 meat rations
 A - 10 bread rations


   Skills:
 + Level 16.7(15.9) Fighting
 + Level 22.5(21.6) Axes
 - Level 16.0(15.1) Armour
 + Level 13.8(13.1) Dodging
 - Level 15.0(14.2) Shields
 + Level 14.8(14.0) Invocations


You had 20 spell levels left.
You knew the following spells:

 Your Spells              Type           Power        Failure   Level  Hunger
R - Repel Missiles        Chrm/Air       #.....       96%         2    ###....


Dungeon Overview and Level Annotations

Branches:
Dungeon (15/15)            Temple (0/1) D:7            Lair (6/6) D:8
  Swamp (4/4) Lair:4       Spider (4/4) Lair:3        Slime (0/5) Lair:5
    Orc (2/2) D:9             Elf (2/3) Orc:2        Vaults (4/5) D:14
  Crypt (0/3) Vaults:2     Depths (5/5) D:15
    Zot: Depths:5

Altars:
Ashenzari
Elyvilon
Kikubaaqudgha
Nemelex Xobeh
Okawaru
Qazlal
Sif Muna
Trog
Uskayaw
Beogh

Shops:
D:5 !   D:10 *   Orc:1 *   Orc:2 !:?==   Vaults:2 [

Portals:
Hell: Depths:5
Abyss: Depths:1 Depths:4
Trove: D:10 (give +3 gold dragon armour)

Annotations:
D:3 Raykoid666's ghost, amateur DsSk
D:5 exclusion: upstairs
Lair:2 Gastronok
Lair:3 exclusion: oklob plant, Rupert
Swamp:2 Jorgrun
Depths:2 exclusion: downstairs
Depths:4 exclusion: downstairs


Innate Abilities, Weirdness & Mutations

You are under a permanent stasis effect.
You can dig through walls and to a lower floor.
Your four strong arms can wield two-handed weapons with a shield.
You have a pair of large antennae on your head. (SInv)
You have a somewhat thin skeletal structure. (Dex +2, Stealth)
Your body sometimes deteriorates upon taking damage.
You are robust. (+10% HP)
You occasionally shout uncontrollably at your foes.
Your muscles are strong. (Str +2)


Message History

A shadow dragon and a purple draconian come into view.
You hit the ice dragon but do no damage.
The ice dragon is severely wounded.
The ice dragon breathes frost at you. The blast of cold hits you!
* * * LOW HITPOINT WARNING * * *
Your body deteriorates!
You feel dopey.
Unknown command.
You hit the ice dragon.
The ice dragon is severely wounded.
Uskayaw links your audience in an emotional bond!
Unknown command.
You slice the ice dragon!!
The ice dragon is almost dead.
The ice dragon breathes frost at you. The blast of cold hits you!
* * * LOW HITPOINT WARNING * * *
The shadow dragon breathes negative energy at you.
The bolt of negative energy hits you!
You feel drained.
You die...

#.............# .. .....
##.## .......(<.....#
#.##..... ##..# #
#####.).:....# ..
...d..##..## .
#......=.##.##..D..##..#.#
.
#........#..#.....##...#.#
.
#........#.##....##..#.#.#
.
#.....†....#...###..##....
.
#.....†...##..##...###.#.#
########..#@D##..### #.#.#
#.['.##..## #.. # {
##.###..## ## #.....## {
####.## ##)# #.#.# ####.#
#.#


You could see a shadow dragon, a purple draconian and an ice dragon.

Vanquished Creatures
  3 juggernauts
  A caustic shrike (Depths:2)
  3 golden dragons
  A bone dragon (Depths:5)
  2 tentacled monstrosities
  2 liches
  A quicksilver dragon (Depths:5)
  A deep elf blademaster (Elf:2)
  3 sphinxes
  3 thorn hunters (Swamp:4)
  3 storm dragons
  2 tengu reavers
  2 shadow dragons
  9 fire giants
  2 ghost moths (Spider:4)
  4 emperor scorpions (Spider:4)
  11 frost giants
  3 vault wardens
  A draconian scorcher (Depths:5)
  A juggernaut zombie (Depths:2)
  22 very ugly things
  5 ironheart preservers
  A draconian caller (Depths:5)
  17 stone giants
  5 entropy weavers
  An entropy weaver (shapeshifter) (Depths:1)
  2 deep elf demonologists
  2 vampire knights
  A yellow draconian (Depths:5)
  12 spark wasps
  An eidolon (Vaults:2)
  8 ettins
  3 deep elf death magi
  14 fire dragons
  8 yaktaur captains
  A ragged hierophant (Vaults:1)
  6 great orbs of eyes
  5 rakshasas
  A caustic shrike simulacrum (Depths:2)
  Erolcha (Orc:2)
  A hell beast (Depths:1)
  2 vault guards (D:14)
  7 ice dragons
  13 hydras
  A spriggan air mage (Depths:2)
  A ghost crab (Swamp:4)
  3 centaur warriors
  3 catoblepae (Lair:6)
  5 alligators
  13 death yaks
  15 dancing weapons
  5 deep troll shamans
  8 ogre magi
  3 tengu warriors
  A vampire mage (Depths:4)
  10 deep troll earth magi
  7 spriggan berserkers
  7 orc high priests (Orc:2)
  A sun demon (Depths:1)
  13 deep elf knights
  Nergalle (D:10)
  A fire crab (shapeshifter) (Vaults:1)
  8 iron trolls
  9 skeletal warriors
  2 glowing orange brains
  An unseen horror (D:13)
  9 swamp dragons (Swamp:4)
  A shambling mangrove (Swamp:4)
  A flayed ghost (Depths:2)
  6 deep elf archers
  20 deep trolls
  11 ironbrand convokers
  5 hill giants
  4 necromancers
  12 orb spiders
  8 wizards
  5 orc knights
  9 harpies
  A phantasmal warrior (Vaults:2)
  31 ugly things
  12 wolf spiders
  A stone giant zombie (Vaults:1)
  5 cyclopes
  An orc sorcerer (Orc:2)
  29 deep elf magi
  2 moths of wrath
  A centaur zombie (D:12)
  2 guardian serpents (shapeshifter)
  2 rust devils
  3 black mambas
  A spriggan zombie (Depths:2)
  Joseph (D:10)
  4 vault sentinels
  6 torpor snails
  A torpor snail (shapeshifter) (D:15)
  2 gargoyles
  An ice statue (IceCv)
  10 spiny frogs
  4 freezing wraiths
  4 rime drakes
  6 komodo dragons
  30 yaktaurs
  3 demonic crawlers
  2 ice devils (Orc:2)
  17 polar bears (IceCv)
  2 trolls
  22 jumping spiders
  7 tyrant leeches
  A tengu simulacrum (Vaults:2)
  A wind drake (shapeshifter) (Vaults:1)
  8 two-headed ogres
  2 saltlings
  6 bog bodies
  12 hornets
  19 blink frogs
  2 ettin zombies (Vaults:1)
  27 slime creatures
  3 dream sheep (Lair:3)
  6 hippogriffs
  A stone giant simulacrum (Vaults:1)
  2 air elementals (Depths:4)
  A flying skull (Vaults:2)
  23 tarantellas
  58 redbacks
  17 yaks
  2 shadows
  8 water elementals
  2 spriggans
  4 wyverns
  3 hogs (D:11)
  A human (shapeshifter) (D:14)
  A wraith (D:15)
  2 wyverns (shapeshifter)
  17 humans
  2 basilisks
  2 hungry ghosts
  11 vampire mosquitoes
  2 mottled dragons
  4 wargs
  11 swamp worms
  21 insubstantial wisps
  3 porcupines
  9 water moccasins
  A floating eye (Depths:2)
  3 ice beasts
  A black bear (D:12)
  31 orc warriors
  8 swamp drakes
  A fire dragon simulacrum (Depths:1)
  2 sky beasts (D:9)
  A necrophage (D:10)
  2 phantoms
  A spriggan simulacrum (Depths:2)
  4 boggarts
  20 ogres
  9 centaurs
  10 wolves (IceCv)
  6 crocodiles
  3 big kobolds
  12 bullfrogs
  An earth elemental (Elf:2)
  7 scorpions
  10 killer bees (D:9)
  8 wights
  8 howler monkeys
  5 crimson imps
  A bullfrog skeleton (D:6)
  2 bullfrog zombies
  4 centaur skeletons
  A quasit (D:8)
  47 orc priests
  4 hounds
  9 jellies
  10 orc wizards
  An iguana (D:5)
  10 worker ants
  A hound zombie (D:9)
  A hound skeleton (D:5)
  9 gnolls
  A worker ant zombie (D:6)
  13 adders
  2 shadow imps
  2 oozes (D:1)
  2 adder zombies
  2 adder skeletons
  4 worms
  A dart slug (D:4)
  3 leopard geckos
  145 orcs
  6 giant cockroaches
  5 goblins
  7 hobgoblins
  8 jackals
  18 kobolds
  4 quokkas
  5 bats
  6 frilled lizards
  A leopard gecko skeleton (D:9)
  5 rats
  6 fungi
  3 plants
1416 creatures vanquished.

Vanquished Creatures (collateral kills)
  2 hornets (Spider:4)
  An orc (Orc:1)
3 creatures vanquished.

Vanquished Creatures (others)
  A tengu warrior (Depths:1)
  3 yaktaurs
  3 humans (D:14)
  The ghost of dvd the Gusty, an amateur HEAE (D:4)
  An orc (Orc:1)
  A kobold (D:13)
  9 fungi
  8 plants
27 creatures vanquished.

Grand Total: 1446 creatures vanquished

Notes
Turn   | Place    | Note
-------+----------+-------------------------------------------
     0 | D:1      | Charly the Formicid Fighter began the quest for the Orb.
     0 | D:1      | Reached XP level 1. HP: 18/18 MP: 1/1
     2 | D:1      | Noticed a vine stalker
     4 | D:1      | Noticed a demigod
     4 | D:1      | Noticed a minotaur
     6 | D:1      | Noticed a halfling
     8 | D:1      | Noticed a merfolk
     8 | D:1      | Noticed a gargoyle
    11 | D:1      | Noticed a tengu
    11 | D:1      | Noticed a ghoul
    13 | D:1      | Noticed an ogre
    13 | D:1      | Noticed a human
    15 | D:1      | Noticed an elf
    15 | D:1      | Noticed a spriggan
    17 | D:1      | Noticed a formicid
    17 | D:1      | Noticed a vampire
    19 | D:1      | Noticed an octopode
    19 | D:1      | Noticed a draconian
    21 | D:1      | Noticed a troll
    21 | D:1      | Noticed a felid
    23 | D:1      | Noticed a centaur
    25 | D:1      | Noticed a demonspawn
    27 | D:1      | Noticed a naga
    27 | D:1      | Noticed a dwarf
   124 | D:1      | Reached XP level 2. HP: 24/24 MP: 2/2
   208 | D:1      | Reached skill level 3 in Axes
   252 | D:1      | Reached XP level 3. HP: 29/29 MP: 3/3
   846 | D:2      | Reached XP level 4. HP: 24/35 MP: 4/4
   890 | D:2      | Reached skill level 4 in Axes
  1207 | D:3      | Found a bloodstained altar of Trog.
  1207 | D:3      | Found a stormy altar of Qazlal.
  1279 | D:3      | Reached XP level 5. HP: 21/41 MP: 5/5
  1531 | D:3      | Noticed Raykoid666's ghost (amateur DsSk)
  1751 | D:3      | Reached skill level 5 in Axes
  1767 | D:4      | Noticed dvd's ghost (amateur HEAE)
  1873 | D:3      | Found a deep blue altar of Sif Muna.
  2025 | D:5      | Entered Level 5 of the Dungeon
  2057 | D:4      | Found a hide-covered altar of Uskayaw.
  2069 | D:4      | Killed dvd's ghost
  2069 | D:4      | Reached XP level 6. HP: 20/48 MP: 6/6
  2079 | D:4      | Became a worshipper of Uskayaw the Reveler
  2110 | D:5      | Reached skill level 6 in Axes
  2110 | D:5      | Reached * piety under Uskayaw
  2286 | D:4      | Noticed a hippogriff
  2335 | D:5      | Reached ** piety under Uskayaw
  2547 | D:5      | Noticed an ice beast
  2561 | D:5      | Reached *** piety under Uskayaw
  2564 | D:5      | Killed an ice beast
  2564 | D:5      | Reached skill level 1 in Invocations
  2564 | D:5      | Reached XP level 7. HP: 32/55 MP: 7/7
  2564 | D:5      | Reached **** piety under Uskayaw
  2579 | D:5      | Reached ***** piety under Uskayaw
  2879 | D:6      | Reached skill level 7 in Axes
  3062 | D:5      | Reached skill level 5 in Fighting
  3091 | D:6      | Reached XP level 8. HP: 25/62 MP: 9/9
  3328 | D:5      | Found Upti's Distillery.
  3331 | D:5      | Bought a potion of heal wounds for 60 gold pieces
  3331 | D:5      | Bought a potion of might for 48 gold pieces
  3368 | D:5      | Found a white marble altar of Elyvilon.
  3954 | D:6      | Gained mutation: Your body sometimes deteriorates upon taking damage. [potion of mutation]
  3954 | D:6      | Gained mutation: You occasionally shout uncontrollably at your foes. [potion of mutation]
  3982 | D:6      | Reached skill level 8 in Axes
  4357 | D:7      | Reached XP level 9. HP: 69/69 MP: 5/12
  4414 | D:7      | Found a staircase to the Ecumenical Temple.
  4800 | D:8      | Reached skill level 9 in Axes
  4800 | D:8      | Reached skill level 5 in Invocations
  5063 | D:8      | Reached skill level 5 in Shields
  5150 | D:8      | Found a staircase to the Lair.
  5191 | D:8      | Found a roughly hewn altar of Beogh.
  5197 | D:8      | Reached ****** piety under Uskayaw
  5219 | D:8      | Identified a scroll of acquirement
  5529 | D:9      | Reached XP level 10. HP: 71/79 MP: 14/14
  5546 | D:9      | Reached skill level 5 in Armour
  5628 | D:10     | Entered Level 10 of the Dungeon
  5682 | D:9      | Reached skill level 10 in Axes
  5817 | D:9      | Noticed a centaur warrior
  5837 | D:9      | Killed a centaur warrior
  6065 | D:9      | Found an iron altar of Okawaru.
  6209 | D:9      | Found a roughly hewn altar of Beogh.
  6209 | D:9      | Found a staircase to the Orcish Mines.
  6364 | D:9      | Found a shattered altar of Ashenzari.
  6406 | D:9      | Reached XP level 11. HP: 29/86 MP: 6/16
  6594 | D:10     | Found a portal to a secret trove of treasure.
  6669 | D:10     | Noticed Nergalle
  6694 | D:10     | Killed Nergalle
  6694 | D:10     | Reached skill level 11 in Axes
  6960 | D:10     | Found Hoxt's General Store.
  6965 | D:10     | Bought a potion of curing for 36 gold pieces
  6965 | D:10     | Bought a potion of curing for 36 gold pieces
  7054 | D:11     | Noticed a hill giant
  7059 | D:11     | Killed a hill giant
  7059 | D:11     | Reached skill level 1 in Dodging
  7084 | D:10     | Noticed Joseph
  7091 | D:10     | Killed Joseph
  7203 | D:11     | Noticed a cyan ugly thing
  7213 | D:11     | Killed a cyan ugly thing
  7260 | D:11     | Noticed a hill giant
  7267 | D:11     | Killed a hill giant
  7381 | D:11     | Noticed a brown ugly thing
  7395 | D:11     | Killed a brown ugly thing
  7781 | D:13     | Reached XP level 12. HP: 86/95 MP: 17/17
  8012 | D:12     | Reached skill level 12 in Axes
  8134 | D:12     | Gained mutation: You have a somewhat thin skeletal structure. (Dex +2, Stealth) [mutagenic meat]
  8137 | D:12     | Gained mutation: You are robust. (+10% HP) [potion of beneficial mutation]
  8218 | D:12     | Noticed a deep elf knight
  8229 | D:12     | You fall through a shaft for 3 floors!
  8229 | D:15     | Entered Level 15 of the Dungeon
  8737 | D:14     | Reached skill level 10 in Fighting
  8745 | D:14     | Noticed a centaur warrior
  8763 | D:14     | Killed a centaur warrior
  8814 | D:14     | Noticed a wizard
  8817 | D:14     | Noticed a vault guard
  8819 | D:14     | Noticed a vault guard
  8826 | D:14     | Killed a vault guard
  8826 | D:14     | Reached XP level 13. HP: 97/113 MP: 18/18
  8842 | D:14     | Reached skill level 13 in Axes
  8843 | D:14     | Killed a vault guard
  8843 | D:14     | Reached skill level 10 in Shields
  8846 | D:14     | Reached skill level 5 in Dodging
  8854 | D:14     | Found a gate to the Vaults.
  8957 | D:14     | Gained mutation: Your muscles are strong. (Str +2) [potion of beneficial mutation]
  8975 | D:15     | Found a staircase to the Depths.
  8976 | D:15     | Noticed a fire giant
  9153 | Orc:1    | Entered Level 1 of the Orcish Mines
  9153 | Orc:1    | Found Wourgh's Assorted Antiques.
  9156 | Orc:1    | Noticed a stone giant
  9245 | Lair:1   | Entered Level 1 of the Lair of Beasts
  9343 | Lair:2   | Noticed Gastronok
  9461 | Lair:3   | Found a hole to the Spider Nest.
  9487 | Lair:3   | Noticed Rupert
  9490 | Lair:3   | You fall through a shaft!
  9721 | Lair:4   | Found a staircase to the Swamp.
  9902 | Lair:5   | Found a staircase to the Slime Pits.
 10538 | Lair:5   | Reached skill level 10 in Armour
 10558 | Lair:5   | Reached skill level 14 in Axes
 10558 | Lair:5   | Reached XP level 14. HP: 124/124 MP: 19/19
 10622 | Lair:6   | Entered Level 6 of the Lair of Beasts
 11719 | Orc:1    | Killed a stone giant
 11719 | Orc:1    | Reached skill level 15 in Axes
 11847 | Orc:2    | Entered Level 2 of the Orcish Mines
 11928 | Orc:2    | Found a staircase to the Elven Halls.
 11933 | Orc:2    | Found Muykk's Magic Scroll Shop.
 11958 | Orc:2    | Noticed Erolcha
 11967 | Orc:2    | Killed Erolcha
 11986 | Orc:2    | Reached XP level 15. HP: 108/132 MP: 20/20
 12130 | Orc:2    | Found a frozen archway.
 12158 | IceCv    | Entered an ice cave
 12338 | IceCv    | Noticed a frost giant
 12346 | IceCv    | Killed a frost giant
 12575 | Orc:2    | Found Osuohykh's Book Boutique.
 12575 | Orc:2    | Found Iphidogum's Distillery.
 12733 | Orc:2    | Found a roughly hewn altar of Beogh.
 12828 | Orc:2    | Found Satitu's Jewellery Shoppe.
 12828 | Orc:2    | Found Maroofik's Jewellery Boutique.
 12863 | Orc:2    | Bought the amulet "Zuriphob" {Reflect MR+ SH+4} for 601 gold pieces
 12863 | Orc:2    | Bought a +4 ring of protection for 576 gold pieces
 12954 | Orc:2    | Found a roughly hewn altar of Beogh.
 13163 | Orc:2    | Bought the ring of Bouc {rC+ Str+6} for 624 gold pieces
 13452 | Swamp:1  | Entered Level 1 of the Swamp
 13819 | Swamp:1  | Noticed a green very ugly thing
 13837 | Swamp:1  | Killed a green very ugly thing
 14189 | Swamp:4  | Entered Level 4 of the Swamp
 14386 | Swamp:4  | Reached skill level 16 in Axes
 14386 | Swamp:4  | Reached XP level 16. HP: 115/141 MP: 21/21
 14589 | Swamp:2  | Noticed Jorgrun
 15350 | Swamp:4  | Noticed a thorn hunter
 15367 | Swamp:4  | Killed a thorn hunter
 15762 | Swamp:4  | Noticed a thorn hunter
 15777 | Swamp:4  | Killed a thorn hunter
 16201 | Swamp:4  | Got a decaying rune of Zot
 16269 | Swamp:4  | Noticed a thorn hunter
 16334 | Swamp:4  | Killed a thorn hunter
 16486 | Spider:1 | Entered Level 1 of the Spider Nest
 17148 | Spider:3 | Reached XP level 17. HP: 147/151 MP: 22/22
 17160 | Spider:3 | Got a crude ring mail
 17171 | Spider:3 | Identified the +1 ring mail of the Turtle {rN+ Str+6 Stlth+} (You found it on level 3 of the Spider Nest)
 17481 | Spider:4 | Entered Level 4 of the Spider Nest
 17650 | Spider:4 | Reached skill level 17 in Axes
 17664 | Spider:4 | Reached skill level 10 in Dodging
 19399 | Spider:4 | Got a gossamer rune of Zot
 19809 | Elf:1    | Entered Level 1 of the Elven Halls
 19824 | Elf:1    | Reached XP level 18. HP: 146/159 MP: 24/24
 19878 | Elf:1    | Reached skill level 18 in Axes
 20190 | Elf:2    | Found a runed gate.
 20190 | Elf:2    | Found a runed gate.
 20190 | Elf:2    | Found a runed gate.
 20518 | Elf:2    | Noticed a deep elf blademaster
 20561 | Elf:2    | Killed a deep elf blademaster
 21000 | Elf:2    | Reached skill level 10 in Invocations
 21062 | Elf:2    | Reached skill level 15 in Shields
 21358 | Orc:2    | Bought a scroll of enchant weapon for 105 gold pieces
 21391 | Orc:2    | Bought an uncursed ring of protection from magic for 400 gold pieces
 21423 | Orc:2    | Bought a scroll of enchant armour for 105 gold pieces
 21423 | Orc:2    | Bought a scroll of fog for 28 gold pieces
 21469 | Orc:2    | Bought a potion of cancellation for 88 gold pieces
 21469 | Orc:2    | Bought a potion of curing for 33 gold pieces
 21469 | Orc:2    | Bought a potion of might for 44 gold pieces
 21708 | Vaults:1 | Entered Level 1 of the Vaults
 21841 | Vaults:1 | Reached skill level 19 in Axes
 22099 | Vaults:1 | Reached XP level 19. HP: 166/166 MP: 26/26
 22310 | Vaults:2 | Found an ancient bone altar of Kikubaaqudgha.
 22382 | Vaults:2 | Reached skill level 20 in Axes
 22432 | Vaults:2 | Found Edonil's Armour Shop.
 22897 | Vaults:2 | Found a staircase to the Crypt.
 24445 | Depths:1 | Entered Level 1 of the Depths
 24445 | Depths:1 | Noticed a lich
 24622 | D:15     | Reached XP level 20. HP: 174/174 MP: 28/28
 24888 | Depths:1 | Found a one-way gate to the infinite horrors of the Abyss.
 25680 | Depths:1 | Reached skill level 21 in Axes
 26398 | Depths:1 | Noticed a juggernaut
 26407 | Depths:1 | Killed a juggernaut
 26493 | Depths:1 | Identified the +5 hand axe of Overwhelming Force {antimagic, Str+6 Dex-2 Stlth+} (You found it on level 1 of the Depths)
 27257 | Depths:2 | Reached skill level 15 in Fighting
 27257 | Depths:2 | Reached XP level 21. HP: 165/184 MP: 30/30
 28377 | Depths:2 | Noticed a golden dragon
 28406 | Depths:2 | Killed a golden dragon
 28465 | Depths:2 | Noticed a golden dragon
 28477 | Depths:2 | Killed a golden dragon
 28957 | Depths:2 | Noticed a juggernaut
 28974 | Depths:2 | Killed a juggernaut
 29142 | Depths:2 | Noticed a caustic shrike
 29150 | Depths:2 | Killed a caustic shrike
 29471 | Depths:2 | Identified the Papyrus of Boosting Malediction
 29573 | Depths:2 | Reached skill level 22 in Axes
 29575 | Depths:2 | Reached XP level 22. HP: 131/193 MP: 31/31
 29871 | Depths:1 | Found a sparkling altar of Nemelex Xobeh.
 29930 | Depths:4 | Noticed a golden dragon
 29937 | Depths:4 | Killed a golden dragon
 29963 | Depths:4 | Reached skill level 15 in Armour
 30533 | Depths:5 | Entered Level 5 of the Depths
 30551 | Depths:5 | Noticed a juggernaut
 30683 | Depths:4 | Noticed a juggernaut
 30705 | Depths:4 | Killed a juggernaut
 31493 | Depths:4 | Reached XP level 23. HP: 152/203 MP: 25/33
 32043 | Depths:5 | Found a gateway to Hell.
 32384 | Depths:5 | Learned a level 2 spell: Repel Missiles
 33167 | Depths:5 | Killed from afar by a shadow dragon

Vault maps used:
D:1:      kb_arrival_jail
D:2:      ecumenical_altar_1, minmay_misc_feat_tower
D:3:      led_sif_book, gammafunk_temple_overflow_elements
D:4:      eat_drink_and_be_merry_uskayaw, first_bread,
          kennysheep_generic_room_12
D:5:      nicolae_overflow_crystal_walls, serial_shops, kennysheep_mini
D:6:      minmay_misc_feat_cross
D:7:      nrook_mini_backslash
D:8:      dpeg_oklobed_lair, special_room
D:9:      okawaru_gym_becter, cheibrodos_ashenzari_chains, david_orc_5
D:10:     serial_shops, kennysheep_little_box, enter_trove_0, uniq_joseph,
          uniq_nergalle
D:11:     grunt_livestock, hex_large
D:12:     minmay_containers
D:14:     grunt_vaults_entry_tiered, glass_columns_a, serial_glass,
          glass_columns_c, glass_columns_b, glass_columns_a, glass_columns_c,
          glass_columns_a, glass_columns_a, glass_columns_a, glass_columns_b,
          glass_columns_a, glass_columns_a, glass_columns_a, glass_columns_a,
          glass_columns_c, glass_columns_a
D:15:     grunt_enter_depths_giant_problem, serial_bayou_ford_a, corner_web_ring
Lair:1:   nicolae_lair_grove_arrangements, minivault_19, lemuel_oklob_altar
Lair:2:   st_stairs_4, uniq_gastronok
Lair:3:   nicolae_spider_entry_non_spiders, minivault_25, uniq_rupert
Lair:4:   swamp_mist, minivault_24, minmay_holes
Lair:5:   minmay_slime_entry_pillars, grunt_forest_large_clearing_hut
Lair:6:   evilmike_catoblepas_cave
Swamp:1:  evilmike_swamp_ruin_house_2, swamp_pool4
Swamp:2:  hangedman_swamp_ruin_wall, swamp_pool5, uniq_jorgrun
Swamp:3:  evilmike_swamp_ruin_house_4, infiniplex_staircase_pool
Swamp:4:  swamp_basic_johnstein, swamp_pool1, hangedman_swamp_cone
Spider:2: spider_trap, nicolae_spider_cling_halls, uniq_arachne
Spider:3: nicolae_spider_nook
Spider:4: spider_rune_water
Orc:1:    serial_shops, nicolae_shop_overgrown_old_shop
Orc:2:    st_orc_town, serial_shops, nicolae_shop_behind_doors,
          portal_ice_cave_demonic_guard, bh_open_orc_temple, uniq_erolcha
Elf:1:    elf_arrival_001, hangedman_elf_represent
Vaults:1: ontoclasm_vaults_chip, v_alt_pattern_3, v_misc_19,
          dpeg_vaults_monster_box, vaults_room_grunt_arrival_ludios,
          ontoclasm_vaults_chip, hangedman_vaults_snaps, vaults_room_fours,
          portal_desolation_entry_salt
Vaults:2: hangedman_vaults_nodes, vaults_room_hallway, v_misc_16,
          minmay_crypt_entry_simple_sparse, hangedman_vaults_capsules,
          nicolae_vaults_ninety_degrees, v_misc_4, hangedman_vaults_unwind,
          ontoclasm_vaults_fault, vaults_room_hallway, v_misc_32,
          nicolae_vaults_shelves_hall, serial_shops, nicolae_shop_stone,
          basic_altar, uniq_frederick
Vaults:3: vaults_room_glass_cross, vaults_room_boxed,
          nicolae_vaults_sealed_display, v_misc_2, ontoclasm_vaults_idyll,
          vaults_mumra_hexcomb, nicolae_vaults_specimen_jars,
          nicolae_vaults_little_squares_3
Vaults:4: nicolae_vaults_shelves_hall, vaults_mumra_hex, st_cross,
          nicolae_vaults_big_ls, v_misc_28, nicolae_vaults_circle_grid_b,
          vaults_standard_mumra_lines, hangedman_vaults_corner_blocks,
          vaults_room_fancy_cross, nicolae_vaults_triangles,
          hangedman_vaults_slice, stair_cage_open, ontoclasm_vaults_ligature
Depths:1: hangedman_cross_cluster, grunt_mini_vestibule, abyss_entry,
          hangedman_abyss_or_decor_slice, hangedman_decor_points,
          nemelex_xobeh_ov_fountains_minmay
Depths:2: minmay_tearing_corner, pf_hell_entry_tar_spiral,
          infiniplex_staircase_pool_2
Depths:3: minmay_box_of_statues, minmay_misc_feat_four_crosses, hell_entry,
          rand_demon_pan_entry_5, infiniplex_staircase_spiral
Depths:4: minmay_imperfect_grid, grunt_hell_entry_dis_mu, abyss_entry,
          minmay_misc_feat_enclosed, rand_demon_pan_entry_4
Depths:5: grunt_zot_entry_bicorn, enter_ziggurat_b, serial_shops,
          shop_fountains, minmay_crystal_room, hell_entry,
          grunt_pan_entry_sceptre, lemuel_flamethrower_3
IceCv:    ice_cave_small_giant

Skill      XL: |  1  2  3  4  5  6  7  8  9 10 11 12 13 14 15 16 17 18 19 20 21 22 23 |
---------------+----------------------------------------------------------------------+-----
Axes           | 3 4 5 6 7 8 9 10 11 12 14 15 16 17 19 20 21 22 | 22.5
Fighting       | 4 5 6 7 8 9 10 11 12 13 14 15 16 | 16.7
Invocations    | 1 2 4 5 6 7 9 10 11 12 13 14 | 14.8
Shields        | 4 5 7 8 9 10 11 12 13 14 15 | 15.0
Armour         | 4 6 7 8 10 11 12 13 14 15 16 | 16.0
Dodging        | 2 4 6 7 8 9 10 11 12 13 | 13.8

Action                   |  1- 3 |  4- 6 |  7- 9 | 10-12 | 13-15 | 16-18 | 19-21 | 22-24 || total
-------------------------+-------+-------+-------+-------+-------+-------+-------+-------++-------
Melee: War axe           |    99 |   155 |   311 |   142 |    18 |    43 |       |       ||   768
       Battleaxe         |       |       |       |   410 |   900 |   759 |       |       ||  2069
       Executioner's axe |       |       |       |       |       |   113 |   718 |   433 ||  1264
Throw: Throwing net      |       |       |       |     1 |       |     1 |       |       ||     2
       Javelin           |       |       |       |       |       |    20 |       |       ||    20
Invok: Stomp             |       |     2 |    21 |    21 |     2 |     6 |       |       ||    52
       Line Pass         |       |       |       |     3 |     1 |       |       |     2 ||     6
       Grand Finale      |       |       |       |       |     1 |       |     1 |     2 ||     4
 Abil: Shaft Self        |       |       |       |       |     1 |       |       |       ||     1
Evoke: Wand              |       |       |     1 |     8 |     8 |    12 |     2 |     4 ||    35
       Sack of spiders   |       |       |       |       |     1 |     2 |       |       ||     3
       Box of beasts     |       |       |       |       |     1 |     3 |       |       ||     4
  Use: Potion            |       |     1 |     1 |     4 |     8 |    13 |     6 |       ||    33
       Scroll            |       |       |    21 |     6 |    12 |     9 |    10 |     3 ||    61
 Stab: Paralysed         |       |     1 |    18 |    41 |   115 |   125 |   105 |    64 ||   469
       Held in net/web   |       |       |       |     1 |       |     1 |       |       ||     2
       Sleeping          |       |       |       |     1 |       |     4 |     5 |       ||    10
       Invisible         |       |       |       |       |     8 |     5 |     5 |       ||    18
       Petrified         |       |       |       |       |     4 |       |       |       ||     4
       Confused          |       |       |       |       |       |     1 |       |     3 ||     4
       Distracted        |       |       |       |       |       |     4 |     2 |     1 ||     7
  Eat: Beef jerky        |       |     1 |     1 |     3 |       |     3 |       |       ||     8
       Chunk             |       |     2 |     9 |     9 |    10 |     7 |    10 |     6 ||    53
       Fruit             |       |     3 |     2 |       |     8 |       |       |       ||    13
       Pizza             |       |       |     1 |       |     9 |     1 |       |       ||    11
       Meat ration       |       |       |       |     1 |       |     1 |     3 |     2 ||     7
       Royal jelly       |       |       |       |       |       |     1 |       |       ||     1
Armor: Scale mail        |    46 |    67 |   134 |   168 |   169 |    64 |       |       ||   648
       Plate armour      |       |       |       |    19 |       |       |       |       ||    19
       Skin              |       |       |       |    19 |       |       |       |       ||    19
       Ring mail         |       |       |       |       |       |    89 |    55 |       ||   144
       Fire dragon armou |       |       |       |       |       |       |    57 |    86 ||   143
Dodge: Dodged            |    25 |    42 |    85 |   128 |   257 |   325 |   268 |   195 ||  1325
Block: Shield            |    44 |    73 |   157 |   116 |       |       |       |       ||   390
       Large shield      |       |       |       |   317 |   815 |  1062 |   777 |   504 ||  3475
       Reflection        |       |       |       |       |     1 |    16 |    58 |    25 ||   100
